 Dungeon Crawl Stone Soup version 0.22.0-27-ga576289 (webtiles) character file.

25 poirepourri the Magician (level 2, -3/19 HPs)
             Began as a Mummy Ice Elementalist on Aug 22, 2018.
             Slain by a worm (7 damage)
             ... on level 2 of the Dungeon.
             The game lasted 00:01:03 (1806 turns).

poirepourri the Magician (Mummy Ice Elementalist)   Turns: 1806, Time: 00:01:04

Health: -3/19      AC:  2    Str: 11    XL:     2   Next: 82%
Magic:  0/7        EV: 12    Int: 14    God:
Gold:   33         SH:  0    Dex: 12    Spells: 6/9 levels left

rFire    x . .     SeeInvis .   d - +1 short sword
rCold    + . .     Gourm    .   (no shield)
rNeg     + + +     Faith    .   a - +0 robe
rPois    ∞         Spirit   .   (no helmet)
rElec    .         Reflect  .   (no cloak)
rCorr    .         Harm     .   (no gloves)
MR       .....                  (no boots)
Stlth    ++........             (no amulet)
HPRegen  0.06/turn              (no ring)
MPRegen  0.10/turn              (no ring)

@: very slightly contaminated
A: no food or potions, fire vulnerability, cold resistance 1, negative energy
resistance 3, torment resistance, unbreathing
a: no special abilities


You were on level 2 of the Dungeon.
You were not hungry.

You visited 1 branch of the dungeon, and saw 2 of its levels.

You collected 33 gold pieces.

Inventory:

Hand Weapons
 d - a +1 short sword (weapon)
Armour
 a - a +0 robe (worn)
Scrolls
 b - a scroll of teleportation {unknown}
 e - a scroll of remove curse


   Skills:
 + Level 0.2 Fighting
 - Level 1.5 Dodging
 - Level 1.5 Stealth
 + Level 4.3 Spellcasting
 - Level 0.7 Conjurations
 - Level 2.4 Ice Magic


You had 6 spell levels left.
You knew the following spells:

 Your Spells              Type           Power        Failure   Level  Hunger
a - Freeze                Ice            #...         7%          1    N/A
b - Throw Frost           Conj/Ice       #.....       16%         2    N/A

Your spell library contained the following spells:

 Spells                   Type           Power        Failure   Level  Hunger
 Ozocubu's Armour         Chrm/Ice       #.......     34%         3    N/A
 Throw Icicle             Conj/Ice       #.......     69%         4    N/A
 Summon Ice Beast         Ice/Summ       #.......     75%         4    N/A

Dungeon Overview and Level Annotations

Branches:
Dungeon (2/15)

Altars:


Innate Abilities, Weirdness & Mutations

You do not eat or drink.
Your flesh is vulnerable to fire.
You are immune to poison.
Your flesh is cold resistant. (rC+)
You are immune to negative energy. (rN+++)
You are immune to unholy pain and torment.
You can survive without breathing.


Message History

Aiming: Freeze (safe; 7% risk of failure)
Press: ? - help, Shift-Dir - straight line, f/p - worm
Aim: a worm (heavily wounded)
You freeze the worm.
The worm is almost dead.
The worm bites you!
Ouch! That really hurt!
* * * LOW HITPOINT WARNING * * *
Sorry, you're not good enough to have a special ability.
Casting: Freeze (safe; 7% risk of failure)
Confirm with . or Enter, or press ? or * to list all spells.
You don't have enough magic to cast that spell.
Casting: Freeze (safe; 7% risk of failure)
Confirm with . or Enter, or press ? or * to list all spells.
You don't know that spell.
Unknown command.
You hit the worm but do no damage.
The worm is severely wounded.
The worm bites you!
You die...

########
#...$..#
#......#
#......#
#......#
#..(...#
#......###
#....(÷..#
#...@w.#.....
######.......
.#.#... .....
#.g... .. ...
...w..


You could see a worm.

Vanquished Creatures
  3 dart slugs (D:1)
  A ball python (D:1)
  4 bats
  A giant cockroach (D:1)
  A hobgoblin (D:2)
  2 kobolds
  A frilled lizard (D:1)
  A goblin (D:1)
  5 rats (D:1)
19 creatures vanquished.

Notes
Turn   | Place    | Note
-------+----------+-------------------------------------------
     0 | D:1      | poirepourri the Mummy Ice Elementalist began the quest for the Orb.
     0 | D:1      | Reached XP level 1. HP: 13/13 MP: 4/4
    44 | D:1      | Reached skill level 3 in Spellcasting
   672 | D:1      | Reached XP level 2. HP: 19/19 MP: 3/6
   916 | D:1      | Learned a level 2 spell: Throw Frost
  1258 | D:1      | Reached skill level 4 in Spellcasting
  1806 | D:2      | Slain by a worm

Skill      XL: |  1  2 |
---------------+-------+-----
Spellcasting   | 3 4 |  4.3
Fighting       | |  0.2
Dodging        | |  1.5
Stealth        | |  1.5
Conjurations   | |  0.7
Ice Magic      | |  2.4

Action                   || total
-------------------------++-------
Melee: Unarmed           ||    18
       Short sword       ||    12
 Cast: Freeze            ||    30
       Throw Frost       ||     2
  Use: Scroll            ||     2
 Stab: Sleeping          ||     1
Armor: Robe              ||    11
Dodge: Dodged            ||    33
